 Dungeon Crawl Stone Soup version 0.29.0-4-gdea44cf6ec (webtiles) character file.

Game seed: 11356602405556929806

49 qw the Chopper (level 3, -3/21 HPs)
             Began as a Tengu Warper on Aug 28, 2022.
             Slain by a goblin
             ... wielding a +1 dagger of protection
             ... led by Robin
              (5 damage)
             ... on level 2 of the Dungeon.
             The game lasted 00:00:08 (1361 turns).

qw the Chopper (Tengu Warper)                       Turns: 1361, Time: 00:00:09

Health: -3/21      AC:  3    Str: 10 (13) XL:     3   Next: 77%
Magic:  7/7        EV: 11    Int: 12 (13) God:
Gold:   79         SH:  0    Dex: 12 (13) Spells: 6/6 levels left

rFire   . . .      SeeInvis .   Y - +0 hand axe
rCold   . . .      Faith    .   (no shield)
rNeg    . . .      Spirit   .   b - +0 leather armour
rPois   .          Reflect  .   (helmet restricted)
rElec   .          Harm     .   (no cloak)
rCorr   .          Rampage  .   (no gloves)
Will    .....                   (boots unavailable)
Stlth   +.........              (no amulet)
HPRegen 0.07/turn               (no ring)
MPRegen 0.10/turn               (no ring)

@: no status effects
A: beak, talons 3
a: no special abilities


You were on level 2 of the Dungeon.
You visited 1 branch of the dungeon, and saw 2 of its levels.

You collected 79 gold pieces.


Innate Abilities, Weirdness & Mutations

You have a beak for a mouth.
You have claws for feet.


   Skills:
 - Level 2.0 Fighting
 + Level 4.4 Axes
 - Level 1.0 Throwing
 - Level 1.1 Armour
 - Level 2.1 Dodging
 - Level 2.0 Spellcasting
 - Level 2.4 Translocations


You had 6 spell levels left.
You didn't know any spells.
Your spell library contained the following spells:

 Spells                   Type           Power      Damage    Failure   Level
 Blink                    Tloc           12%        N/A       22%         2
 Gell's Gravitas          Tloc           6%         N/A       38%         3
 Lesser Beckoning         Tloc           6%         N/A       38%         3
 Teleport Other           Tloc           6%         N/A       38%         3
 Manifold Assault         Tloc           6%         N/A       98%         5

Inventory:

Hand Weapons
 h - a +0 whip
 Y - a +0 hand axe (weapon)
Armour
 b - a +0 leather armour (worn)
 e - a +0 pair of gloves
Jewellery
 c - an amulet of guardian spirit
Scrolls
 a - a scroll of magic mapping {unknown}
 d - a scroll of butterflies {unknown}
 g - 4 scrolls of identify

Dungeon Overview and Level Annotations

Branches:
Dungeon (2/15)

Altars:

Annotations:
D:2 Robin


Message History

Robin roars a battlecry!
The goblins go into a battle-frenzy!
You hit Robin but do no damage. You claw Robin.
Robin is moderately wounded.
You hit the hobgoblin but do no damage. The hobgoblin hits you.
Robin hits you with a +0 spear.
You hit Robin. You claw Robin.
Robin is heavily wounded.
You hit the hobgoblin. Robin barely misses you.
You hit the hobgoblin.
You kill the hobgoblin!
You hit Robin but do no damage. You barely miss the goblin.
Robin barely misses you. The goblin hits you with a +0 club.
The goblin hits you but does no damage. x2
You hit Robin. Your kick misses Robin. You peck Robin.
Robin is severely wounded.
You closely miss the goblin. You barely miss the goblin.
Robin hits you but does no damage. The goblin closely misses you. x2
You hit Robin.
Robin is almost dead.
You hit the goblin. You miss the goblin. You hit the goblin.
You kill the goblin!
The goblin hits you with a +0 club. Robin misses you.
The goblin hits you but does no damage.
You closely miss Robin.
Robin is severely wounded.
You hit the goblin.
You kill the goblin!
You closely miss the goblin. x2
The goblin hits you but does no damage. The goblin misses you.
Robin closely misses you.
You hit Robin. Your peck misses Robin.
Robin is almost dead.
You barely miss the goblin. You hit the goblin.
You kill the goblin!
You barely miss the goblin. The goblin misses you.
Robin hits you with a +0 spear.
The goblin hits you with a +1 dagger of protection.
You die...

####........%...## ##
#....##.....##### #.
#.......##...# ##.
....?## #.#.#######..
...# #...##..<....
##.#####.....#####.
##..))....#### ##.
####.#...####...## ##..
......g@## ##...# #..#
###...gg)# #.#.####.##
#........####.#...##.#
#..........#..........#
#..........#.........##
#..........#.........#
#..........#.........###
#..........#.........##.
#...........>


You could see Robin and 2 goblins.

Vanquished Creatures
  A dart slug (D:1)
  3 endoplasms (D:1)
  A giant cockroach (D:1)
  9 goblins (D:2)
  5 hobgoblins
  3 jackals (D:1)
  4 quokkas
  A ball python (D:2)
  5 bats (D:1)
  4 frilled lizards (D:1)
  7 kobolds
  A rat (D:1)
44 creatures vanquished.

Notes
Turn   | Place    | Note
-------+----------+-------------------------------------------
     0 | D:1      | qw the Tengu Warper began the quest for the Orb.
     0 | D:1      | Reached XP level 1. HP: 12/12 MP: 4/4
     0 | D:1      | 0 ||| qw: Version: 0.1-a-89-g26bdef1
     0 | D:1      | 0 ||| qw: Game counter: 2818
     0 | D:1      | 0 ||| qw: Always use a shield: true
     0 | D:1      | 0 ||| qw: God list: Okawaru
     0 | D:1      | 0 ||| qw: Allow faded altars: false
     0 | D:1      | 0 ||| qw: Do Orc after D:15 true
     0 | D:1      | 0 ||| qw: Do second Lair branch before Depths: true
     0 | D:1      | 0 ||| qw: Lair rune preference: random
     0 | D:1      | 0 ||| qw: Plans: Normal
     0 | D:1      | 0 ||| PLANNING D:1-11
   205 | D:1      | Reached XP level 2. HP: 17/17 MP: 6/6
   211 | D:1      | Found a faded altar of an unknown god.
   213 | D:1      | Reached skill level 3 in Axes
   642 | D:1      | Reached XP level 3. HP: 15/21 MP: 7/7
   838 | D:1      | Reached skill level 4 in Axes
   934 | D:1      | 934 ||| DROPPING ring of wizardry.
   935 | D:1      | 935 ||| READING scroll labelled YSAKLI ZIELAO.
  1036 | D:1      | 1036 ||| READING 5 scrolls labelled SAR RYEWUKH.
  1037 | D:1      | 1037 ||| DRINKING 2 fuming clear potions.
  1038 | D:1      | 1038 ||| DROPPING scroll of blinking.
  1039 | D:1      | 1039 ||| DROPPING potion of degeneration.
  1255 | D:2      | Noticed Robin
  1256 | D:2      | 1256 ||| Stepping ~*~*~tactically~*~*~ (hiding).
  1257 | D:2      | 1257 ||| Stepping ~*~*~tactically~*~*~ (stealth).
  1348 | D:2      | 1348 ||| Stepping ~*~*~tactically~*~*~ (stealth).
  1350 | D:2      | 1350 ||| Stepping ~*~*~tactically~*~*~ (stealth).
  1352 | D:2      | 1352 ||| Stepping ~*~*~tactically~*~*~ (hiding).
  1359 | D:2      | HP: 5/21 [goblin/+0 club[Robin] (2)]
  1361 | D:2      | HP: 2/21 [Robin/+0 spear (3)]
  1361 | D:2      | Slain by a goblin

Levels and vault maps discovered:
D:1:      dpeg_arrival_fog, layout_basic, basic_ecumenical_altar
D:2:      layout_rooms, uniq_jessica, uniq_robin

Skill      XL: |  1  2  3 |
---------------+----------+-----
Axes           | 3 4 |  4.4
Fighting       | |  2.0
Throwing       | |  1.0
Armour         | |  1.1
Dodging        | |  2.1
Spellcasting   | |  2.0
Translocations | |  2.4

Action                   || total
-------------------------++-------
Melee: Hand axe          ||    90
       Kick              ||    19
       Peck              ||     5
       Punch             ||     3
Throw: Boomerang         ||     7
  Use: Scroll            ||     2
       Potion            ||     1
Armor: Leather armour    ||    26
Dodge: Dodged            ||    48

Table legend:
 A = Non-vault XP
 B = Vault XP
 C = Vault XP percentage of total XP
 D = Non-vault monster count
 E = Vault monster count
 F = Vault count percentage of total count
                 A         B        C        D         E       F
            +---------+---------+-------+---------+---------+-------
      Total |      54 |      19 |  26.0 |      34 |      10 |  22.7
            +---------+---------+-------+---------+---------+-------
        D:1 |      45 |       0 |   0.0 |      29 |       0 |   0.0
        D:2 |       9 |      19 |  67.9 |       5 |      10 |  66.7
            +---------+---------+-------+---------+---------+-------
